 Dungeon Crawl Stone Soup version 0.31-a0-271-gb88eb75e06 (webtiles) character file.

Game seed: 13222900473145202995

16 Maratek the Covered (level 2, 24/24 HPs)
             Began as a Human Fighter on July 14, 2023.
             Quit the game on level 1 of the Dungeon.
             The game lasted 00:01:06 (464 turns).

Maratek the Covered (Human Fighter)                  Turns: 464, Time: 00:01:06

Health: 24/24      AC:  6    Str: 16    XL:     2   Next: 75%
Magic:  2/2        EV:  8    Int:  8    God:
Gold:   62         SH:  4    Dex: 12    Spells: 1/1 levels left

rFire   . . .        a - +0 war axe
rCold   . . .        c - +0 buckler
rNeg    . . .        b - +0 scale mail
rPois   .            (no helmet)
rElec   .            (no cloak)
rCorr   .            (no gloves)
SInv    .            (no boots)
Will    .....        (no amulet) Stlth
                     (no ring)
HPRegen 0.24/turn    (no ring)
MPRegen 0.08/turn

%: no passive effects
@: no status effects
A: no striking features
a: no special abilities


You were on level 1 of the Dungeon.
You visited 1 branch of the dungeon, and saw 1 of its levels.

You collected 62 gold pieces.

Inventory:

Hand Weapons
 a - a +0 war axe (weapon)
Armour
 b - a +0 scale mail (worn)
 c - a +0 buckler (worn)
Jewellery
 f - a ring of resist corrosion
 g - a ring of wizardry
Scrolls
 e - 2 scrolls of identify {unknown}
Potions
 d - a potion of might
 h - a potion of magic {unknown}


   Skills:
 + Level 3.2 Fighting
 + Level 2.1 Axes
 + Level 3.3 Armour
 + Level 3.2 Shields


You had one spell level left.
You didn't know any spells.
Your spell library was empty.

Dungeon Overview and Level Annotations

Branches:
Dungeon (1/15)

Altars:

Shops:
D:1 :(:(


Message History

You kill the endoplasm!
You are caught in the web!
f - a ring of resist corrosion
There is a web here.
You struggle to detach yourself from the web.
You disentangle yourself.
You now have 62 gold pieces (gained 5).
g - a ring of wizardry A bat and a goblin come into view.
Found an inky potion.
The goblin shouts!
There are monsters nearby!
There are monsters nearby!
The bat barely misses you.
You closely miss the bat. You closely miss the goblin.
You block the bat's attack. The goblin closely misses you.
The goblin misses you.
You barely miss the bat. You barely miss the goblin.
The bat hits you but does no damage. The goblin closely misses you.
The bat hits you but does no damage. The goblin hits you with a +0 dagger.
The bat closely misses you.
You barely miss the goblin. You miss the bat.
The bat hits you but does no damage. The goblin completely misses you.
The goblin hits you but does no damage.
You closely miss the goblin. You block the bat's attack.
The bat barely misses you. The goblin hits you with a +0 dagger.
You hit the goblin.
You kill the goblin!
You closely miss the bat. The bat hits you.
The bat hits you but does no damage. The bat attacks as you move away!
The bat hits you but does no damage. The bat barely misses you.
Things that are here:
a +0 dagger; a goblin corpse You hit the bat.
You kill the bat!
h - an inky potion
Found Kaozit's Weapon Emporium.
There is an entrance to Kaozit's Weapon Emporium here.
Are you sure you want to abandon this character and quit the game? (Confirm with "yes".)

###.####.#.#...... #.#
#.#.#.....# #.#
#.#.#.....#### .## #.#
#.#.#........ ..# #.#
#.#.#.....# #.# #.#
#.#.#.....# ... #.#
#.#.###.#.# #.# #.#
..#.....#.# #.# #.#
#########@# #########.##
#.#
........................
#.#
#####>..................
###.#
#....#########.##.##
...^# #.##.## ####.#..#
##### ....... ........#
##.#.#.# #.###.#..#
#.#.#.# #. #.#..#
#.#.#.# #.##.#..#


There were no monsters in sight!

Vanquished Creatures
  A dart slug (D:1)
  2 endoplasms (D:1)
  2 goblins (D:1)
  3 jackals (D:1)
  2 ball pythons (D:1)
  A bat (D:1)
  2 kobolds (D:1)
  A rat (D:1)
14 creatures vanquished.

Notes
Turn   | Place    | Note
-------+----------+-------------------------------------------
     0 | D:1      | Maratek the Human Fighter began the quest for the Orb.
     0 | D:1      | Reached XP level 1. HP: 18/18 MP: 1/1
    57 | D:1      | Found Niske's Weapon Boutique.
   114 | D:1      | Found Jatonn Kaze's Book Boutique.
   124 | D:1      | Reached XP level 2. HP: 24/24 MP: 2/2
   164 | D:1      | Found Perim's Book Shoppe.
   460 | D:1      | Found Kaozit's Weapon Emporium.
   464 | D:1      | Quit the game

Illustrated notes

Levels and vault maps discovered:
D:1:      dpeg_arrival_orchard, layout_basic, serial_shops, shop, shop,
          shop_fountains, shop, shop, corner_web_ring, grunt_decor_mini_mirrors,
          nicolae_concentric_dashed_squares_wild, roderic_serpentine_path,
          serial_bayou_crossing

Action                     || total
---------------------------++-------
  Melee: War axe           ||    31
 Armour: Scale mail        ||    21
  Dodge: Dodged            ||    20
  Block: Buckler           ||     8

Table legend: (Time is in decaauts)
 A = Elapsed time spent in this place.
 B = Non-inter-level travel time spent in this place.
 C = Inter-level travel time spent in this place.
 D = Time resting spent in this place.
 E = Time spent auto-exploring this place.
 F = Levels seen in this place.
 G = Mean time per level.
                   A        B        C        D        E       F      G
               +--------+--------+--------+--------+--------+-----+--------+
         Total |    477 |    477 |      0 |      0 |    344 |   1 |  477.0 |
       Dungeon |    477 |    477 |      0 |      0 |    344 |   1 |  477.0 |
               +--------+--------+--------+--------+--------+-----+--------+

Top non-repeatable levels by time:
     D:1: 477 daAuts
